 Dungeon Crawl Stone Soup version 0.28.0-43-g3370ac3207 (webtiles) character file.

Game seed: 16707141395374986908

26 silky the Covered (level 2, 0/27 HPs)
             Began as a Minotaur Fighter on Mar 29, 2022.
             Killed from afar by Sigmund (1 damage)
             ... with a magic dart
             ... on level 2 of the Dungeon.
             The game lasted 00:02:27 (1017 turns).

silky the Covered (Minotaur Fighter)                Turns: 1017, Time: 00:02:28

Health: 0/27       AC:  5    Str: 20    XL:     2   Next: 89%
Magic:  1/1        EV: 10    Int:  5    God:
Gold:   20         SH:  4    Dex:  9    Spells: 1/1 levels left

rFire   . . .      SeeInvis .   a - +0 trident
rCold   . . .      Faith    .   c - +0 buckler
rNeg    . . .      Spirit   .   g - +0 ring mail
rPois   .          Reflect  .   (helmet restricted)
rElec   .          Harm     .   (no cloak)
rCorr   .          Rampage  .   (no gloves)
Will    .....                   (no boots)
Stlth   ..........              (no amulet)
HPRegen 0.09/turn               (no ring)
MPRegen 0.07/turn               (no ring)

@: no status effects
A: horns 2, retaliatory headbutt
a: no special abilities


You were on level 2 of the Dungeon.
You visited 1 branch of the dungeon, and saw 2 of its levels.

You collected 20 gold pieces.

Inventory:

Hand Weapons
 a - a +0 trident (weapon)
Armour
 c - a +0 buckler (worn)
 g - a +0 ring mail (worn)
Scrolls
 h - a scroll of teleportation {unknown}
 i - a scroll of vulnerability {unknown}
 j - a scroll of immolation {unknown}
Potions
 b - 2 potions of haste {unknown}
 d - a potion of might
 e - a potion of attraction {unknown}
 k - a potion of brilliance {unknown}
 l - a potion of flight {unknown}


   Skills:
 + Level 4.0 Fighting
 + Level 2.7 Polearms
 + Level 4.1 Armour
 + Level 4.0 Shields


You had one spell level left.
You didn't know any spells.
Your spell library was empty.

Dungeon Overview and Level Annotations

Branches:
Dungeon (2/15)

Altars:

Annotations:
D:2 Sigmund


Innate Abilities, Weirdness & Mutations

You have a pair of horns on your head.
You reflexively headbutt those who attack you in melee.


Message History

The worm is moderately wounded.
The worm barely misses you.
You hit the worm.
The worm is severely wounded.
The worm closely misses you.
You barely miss the worm. You headbutt the worm!
You kill the worm!
HP restored.
You open the door.
Found 6 poisoned darts.
There is an open door here.
Sigmund the Dreaded comes into view.
He is wielding a +0 scythe.
Sigmund gestures at you while chanting. The magic dart hits you.
Found a stone staircase leading down.
Sigmund hits you from afar with a +0 scythe!
Sigmund closely misses you.
You closely miss Sigmund. You hit Sigmund. You headbutt Sigmund!
Sigmund is heavily wounded.
Sigmund gestures at you while chanting. The magic dart hits you.
* * * LOW HITPOINT WARNING * * *
You block Sigmund's attack.
You puncture Sigmund!
Sigmund is severely wounded.
As you read the scroll labelled NUBLE ZU TIKUSEU, it crumbles to dust.
You speak a Word of immense power!
It was a scroll of holy word.
Sigmund points at you and mumbles some strange words.
You resist with significant effort.
You puncture Sigmund!
Sigmund is almost dead.
Sigmund casts a spell at you. The puff of flame hits you.
* * * LOW HITPOINT WARNING * * *
You hit Sigmund.
Sigmund is almost dead.
Sigmund points at you and mumbles some strange words.
The magic dart hits you.
You die...

......#......
............###
..........>...
............###
...............
...............
.......@........
.......@........
................
...............
.............##
.............+
..............#
...##+#+##.....#
#...............#
###...............###.


You could see Sigmund.

Vanquished Creatures
  A worm (D:2)
  A dart slug (D:1)
  4 endoplasms (D:1)
  A giant cockroach (D:1)
  4 goblins (D:1)
  2 hobgoblins (D:1)
  A quokka (D:1)
  3 ball pythons (D:1)
  2 frilled lizards (D:1)
19 creatures vanquished.

Vanquished Creatures (others)
  A fungus (D:1)
1 creature vanquished.

Grand Total: 20 creatures vanquished

Notes
Turn   | Place    | Note
-------+----------+-------------------------------------------
     0 | D:1      | silky the Minotaur Fighter began the quest for the Orb.
     0 | D:1      | Reached XP level 1. HP: 19/19 MP: 0/0
   182 | D:1      | Reached XP level 2. HP: 27/27 MP: 1/1
  1007 | D:2      | Noticed Sigmund
  1016 | D:2      | HP: 1/27 [Sigmund/puff of flame (4)]
  1017 | D:2      | Killed from afar by Sigmund

Illustrated notes

Levels and vault maps discovered:
D:1:      psy_arrival_wood_between_worlds, layout_basic,
          minmay_shallow_snake_nest
D:2:      layout_basic, uniq_jessica, uniq_terence, uniq_sigmund

Skill      XL: |  1  2 |
---------------+-------+-----
Armour         | 4 |  4.1
Fighting       | 4 |  4.0
Shields        | 4 |  4.0
Polearms       | |  2.7

Action                   || total
-------------------------++-------
Melee: Trident           ||    45
       Headbutt          ||    10
  Use: Scroll            ||     1
Armor: Scale mail        ||     9
       Ring mail         ||     6
Dodge: Dodged            ||    17
Block: Buckler           ||     6
